 Dungeon Crawl Stone Soup version 0.30-a0-782-ge64f9170bb (webtiles) character file.

Game seed: 12302964678551014869

771 DEFE the Chopper (level 7, -4/72 HPs)
             Began as a Demonspawn Wanderer on Feb 21, 2023.
             Was an Initiate of Gozag.
             Slain by a gnoll
             ... wielding a +0 halberd
             ... led by a gnoll sergeant
              (7 damage)
             ... on level 6 of the Dungeon.
             The game lasted 00:06:57 (6040 turns).

DEFE the Chopper (Demonspawn Wanderer)              Turns: 6040, Time: 00:06:57

Health: -4/72      AC: 23    Str: 13    XL:     7   Next: 53%
Magic:  10/10      EV:  2    Int: 18    God:    Gozag
Gold:   216        SH:  5    Dex: 17    Spells: 9/10 levels left

rFire   . . .      SeeInvis .    a - +2 hand axe
rCold   . . .      Faith    .    b - +0 buckler
rNeg    . . .      Spirit   .    (body armour currently unavailable)
rPois   +          Reflect  .    (helmet currently unavailable)
rElec   .          Harm     .    (cloak currently unavailable)
rCorr   .          Rampage  .    (gloves currently unavailable)
Will    .....      NoTele   +    (boots currently unavailable)
Stlth   ++                       (no amulet)
HPRegen 0.32/turn                e - +6 ring of intelligence
MPRegen 0.12/turn                (no ring)

@: agile, tree-form
A: stationary, stasis, torment immunity, boosted hp, (claws 2), repulsion field
1, foul stench 1, powered by pain 2, (hooves 1), agile 1
a: Renounce Religion, Potion Petition, Call Merchant, Bribe Branch


You were on level 6 of the Dungeon.
You worshipped Gozag.
Gozag was aware of your devotion.
You were a tree.
You visited 2 branches of the dungeon, and saw 7 of its levels.

You collected 335 gold pieces.
You paid 119 gold pieces to Gozag.

Inventory:

Hand Weapons
 a - a +2 hand axe (weapon)
Armour
 b - a +0 buckler (worn)
 d - a +0 robe
 f - a +0 cloak (melded)
 l - a +2 leather armour of willpower (melded)
Jewellery
 e - a +6 ring of intelligence (left branch)
Scrolls
 g - 2 scrolls of summoning
 i - 2 scrolls of noise
 j - 2 scrolls of identify
 k - a scroll of immolation
 n - 2 scrolls of amnesia
 r - 3 scrolls of poison
 s - 2 scrolls of blinking {unknown}
 u - a scroll of enchant armour {unknown}
 w - a scroll of fear {unknown}
Potions
 h - a potion of brilliance
 m - 2 potions of resistance {unknown}
 p - 5 potions of heal wounds {unknown}
 q - a potion of might {unknown}
 v - 2 potions of flight {unknown}
 x - a potion of attraction {unknown}
 z - a potion of degeneration {unknown}


   Skills:
 - Level 1.3 Fighting
 - Level 6.3 Axes
 - Level 1.3 Throwing
 - Level 2.0 Shields
 + Level 3.4 Unarmed Combat
 - Level 2.1 Spellcasting
 - Level 2.9 Fire Magic


You had 9 spell levels left.
You knew the following spells:

 Your Spells              Type           Power      Damage    Failure   Level
a - Foxfire               Conj/Fire      28%        2x1d5     13%         1

Your spell library contained the following spells:

 Spells                   Type           Power      Damage    Failure   Level
 Scorch                   Fire           24%        2d6       11%         2
 Blink                    Tloc           2%         N/A       34%         2
 Lesser Beckoning         Tloc           2%         N/A       34%         2
 Momentum Strike          Conj/Tloc      2%         3d8       34%         2
 Ignite Poison            Fire/Tmut/Pois 5%         N/A       43%         3
 Call Canine Familiar     Summ           1%         N/A       56%         3
 Portal Projectile        Hex/Tloc       2%         N/A       56%         3
 Flame Wave               Conj/Fire      7%         2d5       77%         4
 Leda's Liquefaction      Hex/Erth       0%         N/A       93%         4
 Summon Forest            Summ/Tloc      0%         N/A       100%        5
 Summon Mana Viper        Hex/Summ       1%         N/A       100%        5
 Summon Cactus Giant      Summ           0%         N/A       100%        6


Dungeon Overview and Level Annotations

Branches:
Dungeon (6/15)             Temple (1/1) D:5

Altars:
Ashenzari
Dithmenos
Fedhas
Gozag
Hepliaklqana
Kikubaaqudgha
Makhleb
Nemelex Xobeh
Okawaru
Qazlal
Ru
Sif Muna
Uskayaw
Vehumet
Wu Jian
Yredelemnul

Annotations:
D:2 1 runed translucent door, Crazy Yiuf


Innate Abilities, Weirdness & Mutations

You are a tree.
Your roots penetrate the ground, keeping you stationary.
You cannot be teleported.
You are immune to unholy pain and torment.
Your maximum health is greatly increased.
Your equipment is partially melded.
((You have very sharp fingernails.))
You are surrounded by a mild repulsion field. (EV +2)
You may rarely emit foul miasma when damaged in melee.
You sometimes gain power by taking damage.
((You have large cloven feet.))
You are agile. (Dex +4, Str/Int -1)


Message History

The gnoll hits you with a +0 halberd.
* * * LOW HITPOINT WARNING * * *
You regained 5 hp, and now have 9/48 hp.
Unknown command.
You hit the gnoll sergeant. You hit the gnoll.
You block the gnoll sergeant's attack. The gnoll misses you.
Unknown command.
Okay, then.
You hit the gnoll sergeant. You barely miss the gnoll.
The gnoll sergeant hits you with a +0 spear!
* * * LOW HITPOINT WARNING * * *
The gnoll closely misses you.
You take 7 damage, and have 3/48 hp.
Unknown command.
Unknown command.
You feel better.
The gnoll sergeant completely misses you.
The gnoll barely misses you.
You regained 6 hp, and now have 9/48 hp.
Unknown command.
Really quaff the potion of lignification?
You turn into a tree.
Your +0 cloak melds into your body.
Your +2 leather armour of willpower melds into your body.
You feel less strong-willed.
Your roots penetrate the ground.
The gnoll sergeant hits you with a +0 spear.
* * * LOW HITPOINT WARNING * * *
You emit a cloud of foul miasma!
The gnoll hits you but does no damage.
You now have 13/72 hp.
Unknown command.
Unknown command.
Unknown command.
You closely miss the gnoll.
You hit the gnoll sergeant but do no damage.
The gnoll sergeant is engulfed in dark miasma.
The gnoll sergeant looks even sicker.
The gnoll sergeant hits you with a +0 spear!
* * * LOW HITPOINT WARNING * * *
The gnoll hits you with a +0 halberd!
You die...
Your body crumbles into a pile of gold.

##########
#........####
#...........
#.........#
+.........#
###...$)g...###
..>#..♣g.....#
#.#.###..##.# #...#
.... #.### ...#
###########.#######
###
#.......[..........
##....######'#######
.......####....#
._..._.........#


You could see a gnoll sergeant (very poisoned) and a gnoll.

Vanquished Creatures
  A water moccasin (D:5)
  A bullfrog (D:5)
  3 scorpions
  A howler monkey (D:5)
  An orc priest (D:5)
  2 hounds
  An iguana (D:4)
  3 orc wizards
  2 gnolls (D:6)
  8 adders
  A white imp (D:5)
  An ufetubus (D:6)
  A worm (D:2)
  3 dart slugs
  19 orcs
  8 ball pythons
  5 endoplasms
  7 goblins
  7 hobgoblins
  4 jackals (D:5)
  3 quokkas
  7 bats
  3 kobolds
  3 rats
95 creatures vanquished.

Vanquished Creatures (others)
  13 plants (D:2)
13 creatures vanquished.

Grand Total: 108 creatures vanquished

Notes
Turn   | Place    | Note
-------+----------+-------------------------------------------
     0 | D:1      | DEFE the Demonspawn Wanderer began the quest for the Orb.
     0 | D:1      | DEFE set off with the following items: a +0 hand axe, a +0
                  | buckler, a potion of lignification, a +0 robe; and the
                  | following spell memorised: Foxfire; and the following
                  | spells available to memorise: Ignite Poison, Flame Wave.
     0 | D:1      | Reached XP level 1. HP: 15/15 MP: 3/3
   126 | D:1      | Gained mutation: You sometimes gain a little power by
                  | taking damage. [demonic ancestry]
   126 | D:1      | Reached XP level 2. HP: 21/21 MP: 5/5
   343 | D:1      | Found a faded altar of an unknown god.
   692 | D:2      | Gained mutation: You sometimes gain power by taking damage.
                  | [demonic ancestry]
   692 | D:2      | Reached XP level 3. HP: 25/26 MP: 6/6
  1012 | D:2      | Reached skill level 2 in Axes
  1274 | D:2      | Found a runed translucent door.
  1275 | D:2      | Noticed Crazy Yiuf
  1584 | D:2      | Gained mutation: You are surrounded by a mild repulsion
                  | field. (EV +2) [demonic ancestry]
  1584 | D:2      | Reached XP level 4. HP: 24/32 MP: 7/7
  2089 | D:3      | Reached skill level 3 in Axes
  3333 | D:4      | Gained mutation: You may rarely emit foul miasma when
                  | damaged in melee. [demonic ancestry]
  3333 | D:4      | Reached XP level 5. HP: 20/37 MP: 8/8
  3441 | D:4      | Reached skill level 4 in Axes
  3814 | D:4      | Found a sacrificial altar of Ru.
  4107 | D:5      | Entered Level 5 of the Dungeon
  4178 | D:5      | Gained mutation: You are occasionally teleported next to
                  | monsters. [potion of mutation]
  4178 | D:5      | Gained mutation: You have sharp toenails. [potion of
                  | mutation]
  4178 | D:5      | Gained mutation: You have a pair of small antennae on your
                  | head. [potion of mutation]
  4187 | D:5      | Reached skill level 5 in Axes
  4187 | D:5      | Gained mutation: You have sharp fingernails. [demonic
                  | ancestry]
  4187 | D:5      | Reached XP level 6. HP: 20/43 MP: 9/9
  4268 | D:5      | Noticed a water moccasin
  4275 | D:5      | Lost mutation: You have sharp toenails. [potion of
                  | mutation]
  4275 | D:5      | Lost mutation: You have a pair of small antennae on your
                  | head. [potion of mutation]
  4275 | D:5      | Gained mutation: Armour fits poorly on your strangely
                  | shaped body. [potion of mutation]
  4275 | D:5      | Gained mutation: You are dopey. (Int -2) [potion of
                  | mutation]
  4275 | D:5      | Lost mutation: You are dopey. (Int -2) [potion of mutation]
  4286 | D:5      | Killed a water moccasin
  4432 | D:5      | Reached skill level 6 in Axes
  4600 | D:5      | Gained mutation: You have very sharp fingernails. [demonic
                  | ancestry]
  4600 | D:5      | Reached XP level 7. HP: 35/48 MP: 10/10
  4657 | D:5      | Lost mutation: You are occasionally teleported next to
                  | monsters. [potion of mutation]
  4657 | D:5      | Lost mutation: Armour fits poorly on your strangely shaped
                  | body. [potion of mutation]
  4657 | D:5      | Gained mutation: You are agile. (Dex +4, Str/Int -1)
                  | [potion of mutation]
  4657 | D:5      | Gained mutation: You have large cloven feet. [potion of
                  | mutation]
  4677 | D:5      | Reached skill level 1 in Unarmed Combat
  4840 | D:5      | Found a staircase to the Ecumenical Temple.
  4893 | Temple   | Entered the Ecumenical Temple
  4893 | Temple   | Found a transporter.
  4893 | Temple   | Found a transporter.
  5122 | Temple   | Found a transporter.
  5122 | Temple   | Found a transporter.
  5977 | D:6      | Found a burning altar of Makhleb.
  5991 | D:6      | Found an opulent altar of Gozag.
  6004 | D:6      | Became a worshipper of Gozag Ym Sagoz the Greedy
  6040 | D:6      | HP: 3/72 [gnoll sergeant/+0 spear (11)]
  6040 | D:6      | Slain by a gnoll

Illustrated notes

Levels and vault maps discovered:
D:1:      saegor_arrival_miasma, layout_basic, ebering_ecumenical_altar_ruins,
          chequers_arboretum
D:2:      layout_rooms, serial_bayou, serial_bayou_shore_b, serial_bayou_ford_a,
          serial_bayou_pond_e, serial_bayou_shore_b, serial_bayou_pond_c,
          serial_bayou_lake_a, uniq_crazy_yiuf_cottage
D:3:      layout_basic, kennysheep_doodads, dk_noncrumbling_4
D:4:      corexii_shack_village, layout_basic, mainiacjoe_overflow_alcove_1
D:5:      layout_basic, minmay_temple_entry_large_hall
D:6:      layout_basic, grunt_temple_overflow_open, uniq_maggie
Temple:   hellmonk_temple_divided_pantheon

Skill      XL: |  1  2  3  4  5  6  7 |
---------------+----------------------+-----
Shields        | 2 |  2.0
Axes           | 2 3 5 6 |  6.3
Unarmed Combat | 3 |  3.4
Fighting       | |  1.3
Throwing       | |  1.3
Spellcasting   | |  2.1
Fire Magic     | |  2.9

Action                     |  1- 3 |  4- 6 |  7- 9 || total
---------------------------+-------+-------+-------++-------
  Melee: Hand axe          |   142 |   222 |    76 ||   440
         Unarmed           |       |     9 |       ||     9
         Kick              |       |     1 |    21 ||    22
    Use: Potion            |     1 |     6 |     4 ||    11
         Scroll            |       |       |     8 ||     8
   Stab: Sleeping          |       |     1 |       ||     1
 Armour: Robe              |     7 |       |       ||     7
         Leather armour    |    30 |    76 |    22 ||   128
         Skin              |     3 |     3 |     1 ||     7
  Dodge: Dodged            |    79 |   121 |    43 ||   243
  Block: Buckler           |    20 |    47 |    22 ||    89

Table legend: (Time is in decaauts)
 A = Elapsed time spent in this place.
 B = Non-inter-level travel time spent in this place.
 C = Inter-level travel time spent in this place.
 D = Time resting spent in this place.
 E = Time spent auto-exploring this place.
 F = Levels seen in this place.
 G = Mean time per level.
                   A        B        C        D        E       F      G
               +--------+--------+--------+--------+--------+-----+--------+
         Total |   6159 |   6091 |     68 |   1489 |   3554 |   7 |  879.9 |
       Dungeon |   5875 |   5814 |     61 |   1262 |   3554 |   6 |  979.2 |
        Temple |    284 |    277 |      7 |    227 |      0 |   1 |  284.0 |
               +--------+--------+--------+--------+--------+-----+--------+

Top non-repeatable levels by time:
     D:5: 1499 daAuts
     D:2: 1381 daAuts
     D:3: 1097 daAuts
     D:4: 956 daAuts
     D:1: 785 daAuts
  Temple: 284 daAuts
     D:6: 155 daAuts
